[Event "Team 45 45 League T68"]
[Site "Internet Chess Club"]
[Date "2016.03.25"]
[Round "3"]
[White "justice02"]
[Black "Capt-Morgan"]
[Result "0-1"]
[WhiteElo "1639"]
[BlackElo "1973"]
[Opening "English opening"]
[ECO "A05"]
[Time "21:00:36"]
[TimeControl "2700+45"]

1. Nf3 Nf6 2. c4 b6 3. g3 Bb7 4. Bg2 c5 5. O-O e6 6. d3 Be7 7. Nc3 O-O 8. b3 d5
9. Ne5 Nbd7 10. Nxd7 Qxd7 11. cxd5 exd5 12. Re1 Rad8 13. Bg5 h6 14. Bd2 Rfe8 15.
e3 d4 16. exd4 Bxg2 17. Kxg2 Qxd4 18. Qf3 Qxd3 19. Qxd3 Rxd3 20. Re2 Bd8 21.
Rxe8+ Nxe8 22. Re1 Nc7 23. Re2 Ne6 24. Be1 Kf8 25. f4 Bf6 26. Ne4 Ba1 27. Bf2 g6
28. Rd2 Rxd2 29. Nxd2 Ke7 30. Nc4 b5 31. Nd2 Kd6 32. Kf3 Kd5 33. Be3 f5 34. h3
Nd4+ 35. Bxd4 Bxd4 36. g4 c4 37. bxc4+ bxc4 38. h4 a5 39. gxf5 gxf5 40. h5 Bc5
41. Ke2 a4 42. Nf3 Ke4 43. Nd2+ Kd4 44. Nf3+ Kc3 45. Ne5 Ba3 46. Nf7 Bf8 47. Ne5
Bd6 48. Kd1 Kd4 49. Nf3+ Kd5 50. Kc2 Bxf4 51. Nh4 Ke6 52. Kc3 Kd5 53. Nxf5 Be5+
54. Kc2 Bf4 55. Kc3 Kc5 56. Ne7 Be5+ 57. Kc2 Bf6 58. Nf5 Bg5 59. Kc3 a3 60. Ng3
Bf6+ 61. Kc2 Kb4 62. Nf5 Bg5 63. Nd6 Bf4 64. Ne4 Be5 65. Nf2 Kc5 66. Ng4 Bf4 67.
Nf6 Kd4 68. Ng4 Ke4 69. Nf6+ Ke5 70. Nd7+ Kd6 71. Nb6 Kc5 72. Nd7+ Kd4 73. Nf6
Be5 74. Ng4 Bg7 75. Nf2 Ke3 76. Nd1+ Kf4 77. Nf2 Bd4 78. Nd1 Kg5 79. Kd2 Kxh5
80. Ke2 Kg4 81. Kf1 Kg3 {White resigns} 0-1

[Event "Team 45 45 League T68"]
[Site "Internet Chess Club"]
[Date "2016.03.28"]
[Round "3"]
[White "Jack-ONeill"]
[Black "Intemperate"]
[Result "0-1"]
[WhiteElo "2003"]
[BlackElo "2164"]
[Opening "Queen's Indian: old main line, 7.Nc3"]
[ECO "E18"]
[Time "09:27:14"]
[TimeControl "2700+45"]

1. d4 Nf6 2. Nf3 e6 3. c4 b6 4. g3 Bb7 5. Bg2 Be7 6. O-O O-O 7. Nc3 Na6 8. Re1
Ne4 9. Nxe4 Bxe4 10. Ne5 Bxg2 11. Kxg2 c5 12. d5 Qc7 13. Nf3 d6 14. e4 e5 15.
Qe2 Qd7 16. b3 f5 17. exf5 Rxf5 18. Nd2 Raf8 19. Ne4 Nc7 20. a4 Rf3 21. Be3 h6
22. Nd2 R3f7 23. Rf1 Ne8 24. Ne4 Nf6 25. f3 Qf5 26. Bd2 Qg6 27. Nxf6+ Rxf6 28.
Qe4 Qf7 29. a5 bxa5 30. Rxa5 Bd8 31. Ra3 Qb7 32. Qb1 Qd7 33. Qe4 R6f7 34. Qg6
Rf6 35. Qe4 Qb7 36. Qb1 Bb6 37. Qe4 g5 38. Raa1 Qg7 39. Rab1 h5 40. Rbe1 Bd8 41.
Ra1 a5 42. h3 h4 43. gxh4 gxh4+ 44. Kh1 Qh7 45. Qxh7+ Kxh7 46. Bg5 R6f7 47. Bxd8
Rxd8 48. Rxa5 Rb8 49. Ra6 Rf6 50. Ra7+ Kh6 51. Re7 Rxb3 {White resigns} 0-1

[Event "Team 45 45 League T68"]
[Site "Internet Chess Club"]
[Date "2016.03.25"]
[Round "3"]
[White "ShootStraight"]
[Black "Ptzz"]
[Result "1/2-1/2"]
[WhiteElo "1958"]
[BlackElo "2055"]
[Opening "Modern defense: Averbakh system"]
[ECO "A40"]
[Time "10:00:09"]
[TimeControl "2700+45"]

1. d4 g6 2. c4 Bg7 3. e4 d6 4. Nc3 c5 5. d5 Nf6 6. Bd3 e6 7. Nge2 exd5 8. exd5
O-O 9. O-O Re8 10. Bf4 Nh5 11. Be3 Bg4 12. Qd2 Bxe2 13. Bxe2 Nd7 14. Bxh5 gxh5
15. Bh6 Qf6 16. Bxg7 Qxg7 17. Nb5 Ne5 18. Qc3 Rad8 19. Nxa7 Qg4 20. f4 Ng6 21.
Qf6 Rd7 22. Rae1 Rde7 23. Rxe7 Rxe7 24. Qg5 Re2 25. Qxg4 hxg4 26. Nb5 Nh4 27.
Rf2 Re1+ 28. Rf1 Re2 29. Rf2 Re1+ 30. Rf1 Re2 {Game drawn by repetition} 1/2-1/2

[Event "Team 45 45 League T68"]
[Site "Internet Chess Club"]
[Date "2016.03.28"]
[Round "3"]
[White "Holgate"]
[Black "Crisco"]
[Result "1/2-1/2"]
[WhiteElo "1984"]
[BlackElo "1725"]
[Opening "Robatsch defense: Pseudo-Austrian attack"]
[ECO "B06"]
[Time "10:00:13"]
[TimeControl "2700+45"]

1. e4 g6 2. d4 Bg7 3. Nc3 d6 4. f4 e6 5. Nf3 Ne7 6. Be3 Nd7 7. Qd2 a6 8. Bd3 h6
9. O-O-O b5 10. g4 Bb7 11. Rhf1 b4 12. Ne2 Nf6 13. Qxb4 Bxe4 14. Bxe4 Nxe4 15.
Ng3 Nxg3 16. Qa4+ Qd7 17. Qxd7+ Kxd7 18. hxg3 Rab8 19. b3 h5 20. gxh5 Rxh5 21.
Rh1 Rbh8 22. Rxh5 Rxh5 {Game drawn by mutual agreement} 1/2-1/2

[Event "Team 45 45 League T68"]
[Site "Internet Chess Club"]
[Date "2016.03.25"]
[Round "3"]
[White "CaptK"]
[Black "Tobiasdelmonte"]
[Result "0-1"]
[WhiteElo "1825"]
[BlackElo "1766"]
[Opening "Queen's pawn game, Krause variation"]
[ECO "D02"]
[Time "13:01:27"]
[TimeControl "2700+45"]

1. d4 d5 2. Nf3 c5 3. e3 Nf6 4. c4 e6 5. Nc3 Nc6 6. a3 cxd4 7. exd4 Be7 8. Bf4
O-O 9. Bd3 a6 10. cxd5 exd5 11. O-O Bg4 12. Be2 Re8 13. Re1 Rc8 14. Ne5 Bxe2 15.
Rxe2 Qb6 16. Nxc6 bxc6 17. Bg5 h6 18. Bh4 g5 19. Bg3 Bf8 20. Be5 Nd7 21. Qd3
Nxe5 22. dxe5 Bg7 23. Rae1 Re6 24. g3 Rce8 25. Qf5 Qd4 26. Rd1 Qc5 27. Rde1 d4
28. Na2 Rxe5 29. Rxe5 Rxe5 30. Rxe5 Qxe5 31. Qc8+ Kh7 32. Qxa6 c5 33. Qd3+ Kg8
34. b4 Qd5 35. Nc1 c4 36. Qd2 d3 37. a4 Bd4 38. b5 Qe5 39. Nxd3 cxd3 40. Qxd3
Qe1+ 41. Qf1 Bxf2+ 42. Kg2 Qxf1+ 43. Kxf1 Bb6 44. Ke2 f5 45. Kf3 Kf7 46. g4 f4
47. h4 Ke6 48. hxg5 hxg5 49. Ke4 Kf6 50. Kf3 Ke5 51. Kg2 Ke4 52. Kf1 f3 53. Ke1
Kf4 54. Kf1 Kg3 55. a5 Bxa5 56. b6 Bxb6 57. Ke1 Kg2 {White resigns} 0-1

[Event "Team 45 45 League T68"]
[Site "Internet Chess Club"]
[Date "2016.03.27"]
[Round "3"]
[White "Agarnez"]
[Black "mejker"]
[Result "0-1"]
[WhiteElo "1967"]
[BlackElo "2138"]
[Opening "King's Indian: 6.Be2"]
[ECO "E91"]
[Time "15:00:45"]
[TimeControl "2700+45"]

1. d4 d6 2. Nf3 Nf6 3. c4 g6 4. Nc3 Bg7 5. e4 O-O 6. Be2 c5 7. O-O cxd4 8. Nxd4
Nc6 9. Be3 Nd7 10. Qd2 Nxd4 11. Bxd4 Bxd4 12. Qxd4 Qb6 13. Qd2 Nf6 14. Rad1 Bd7
15. Nd5 Nxd5 16. exd5 Rad8 17. b3 a5 18. Qh6 a4 19. Rd3 axb3 20. axb3 Ra8 21.
Re3 Rfe8 22. Re4 Qxb3 23. Rh4 Qb2 24. Qxh7+ Kf8 25. Qh6+ Qg7 26. Qd2 Ra4 27. Rf4
Rea8 28. Re1 Ra2 29. Qe3 R8a3 30. Bd3 f5 31. h4 b5 32. cxb5 Bxb5 33. Rc1 Ra1 34.
Bxf5 Rxe3 35. Bxg6+ Kg8 36. Rxa1 Qxa1+ 37. Kh2 Re1 38. Bf7+ Kg7 39. h5 Rh1+ 40.
Kg3 Qe5 {White resigns} 0-1

[Event "Team 45 45 League T68"]
[Site "Internet Chess Club"]
[Date "2016.03.27"]
[Round "3"]
[White "fkramer"]
[Black "NAS"]
[Result "0-1"]
[WhiteElo "1708"]
[BlackElo "1711"]
[Opening "Queen's bishop game"]
[ECO "D02"]
[Time "21:03:39"]
[TimeControl "2700+45"]

1. d4 Nf6 2. Nf3 d5 3. Bf4 e6 4. e3 Nbd7 5. Bd3 Bd6 6. Bg3 Qe7 7. Ne5 Ne4 8. f4
Nxg3 9. hxg3 h6 10. Qg4 Qf8 11. Nd2 Nf6 12. Qf3 Bd7 13. e4 c6 14. Nxd7 Nxd7 15.
e5 Bc7 16. f5 exf5 17. Bxf5 O-O-O 18. O-O-O Kb8 19. Nb3 Nb6 20. Nc5 g6 21. Bd3
Qe7 22. Rdf1 Rdf8 23. Be2 Bxe5 24. Qa3 Bd6 25. Re1 Qg5+ 26. Kb1 Qxg3 27. Bf3 Re8
28. Qc3 h5 29. Nd3 f6 30. Qd2 Nc4 31. Qc3 Qg5 32. Nc5 Bxc5 33. dxc5 Ne5 34. a3
Re7 35. g4 h4 36. Rhg1 Rhe8 37. Bh1 Nc4 38. Rd1 Re3 39. Qd4 Qe5 40. Rgf1 Qxd4
41. Rxd4 Re1+ 42. Rxe1 Rxe1+ 43. Ka2 Rxh1 44. Rf4 Rg1 45. Rxf6 Rxg4 46. Rf8+ Kc7
47. Rf7+ Kd8 48. Rxb7 g5 49. Rxa7 h3 50. Ra8+ Ke7 51. Rh8 Rh4 {White resigns}
0-1

[Event "Team 45 45 League T68"]
[Site "Internet Chess Club"]
[Date "2016.03.25"]
[Round "3"]
[White "drbishop"]
[Black "cayo89"]
[Result "1-0"]
[WhiteElo "1795"]
[BlackElo "1661"]
[Opening "Budapest: Rubinstein variation"]
[ECO "A52"]
[Time "19:09:29"]
[TimeControl "2700+45"]

1. d4 Nf6 2. c4 e5 3. dxe5 Ng4 4. Bf4 Nc6 5. Nf3 Bc5 6. e3 Qe7 7. Be2 d6 8. exd6
cxd6 9. O-O O-O 10. Nc3 Be6 11. Na4 Rad8 12. Nxc5 dxc5 13. Qc2 h6 14. Rfd1 Rfe8
15. Rxd8 Rxd8 16. Rd1 Nf6 17. Rxd8+ Qxd8 18. Qd2 Qxd2 19. Nxd2 Bf5 20. Bf3 Bd7
21. Bd6 b6 22. Kf1 Ne8 23. Bxc6 Bxc6 24. Bb8 {Black resigns} 1-0

[Event "Team 45 45 League T68"]
[Site "Internet Chess Club"]
[Date "2016.03.23"]
[Round "3"]
[White "tightfist"]
[Black "roji"]
[Result "0-1"]
[WhiteElo "1648"]
[BlackElo "1822"]
[Opening "QGD Slav: 4.e3"]
[ECO "D11"]
[Time "21:24:55"]
[TimeControl "2700+45"]

1. Nf3 d5 2. d4 Nf6 3. e3 c6 4. c4 Ne4 5. Nc3 Qa5 6. Qa4 Qxa4 7. Nxa4 dxc4 8.
Nc5 Nxc5 9. dxc5 Na6 10. Bxc4 Nxc5 11. O-O Be6 12. Be2 Rd8 13. Bd2 Ne4 14. Bb4
c5 15. Ba3 f6 16. b3 Nc3 17. Bc4 Bxc4 18. bxc4 e5 19. Rfe1 e4 20. Nh4 Rd2 21.
Kf1 g6 22. Bc1 Rc2 23. a4 Kf7 24. Ra3 Bd6 25. g3 Rd8 26. Rb3 b6 27. Bb2 Nxa4 28.
Ba1 Rxc4 29. Ng2 g5 30. Rd1 Bc7 31. Rbb1 Rc2 32. Ke1 Nc3 33. Bxc3 Rxc3 34. Rd2
Rxd2 35. Kxd2 Ra3 36. Ne1 Ke6 37. Nc2 Rd3+ 38. Kc1 a5 39. Ne1 Rc3+ 40. Kd2 Ra3
41. Nc2 Rd3+ 42. Ke2 a4 43. Ne1 Rb3 44. Ra1 b5 45. Nc2 Be5 46. Rd1 Rb2 47. Kd2
b4 48. Kc1 a3 49. Rd8 a2 50. Ra8 b3 51. Nd4+ Bxd4 52. exd4 Rb1+ 53. Kd2 a1=Q 54.
Rxa1 Rxa1 55. Kc3 cxd4+ 56. Kxb3 Rf1 57. Kc4 Rxf2 58. Kxd4 f5 59. h4 gxh4 60.
gxh4 Rf3 61. h5 Rd3+ 62. Kc4 h6 63. Kc5 f4 64. Kc4 f3 {White resigns} 0-1

[Event "Team 45 45 League T68"]
[Site "Internet Chess Club"]
[Date "2016.03.26"]
[Round "3"]
[White "hudson"]
[Black "Portola"]
[Result "1-0"]
[WhiteElo "1782"]
[BlackElo "1725"]
[Opening "French: Tarrasch"]
[ECO "C03"]
[Time "21:01:06"]
[TimeControl "2700+45"]

1. e4 e6 2. d4 d5 3. Nd2 dxe4 4. Nxe4 Be7 5. Nf3 Nd7 6. Bd3 Ngf6 7. Qe2 O-O 8.
Bg5 c5 9. Nxc5 Nxc5 10. dxc5 Qa5+ 11. Bd2 Qxc5 12. O-O-O Bd7 13. Ne5 Bc6 14.
Nxc6 Qxc6 15. g4 Qa4 16. Kb1 Qxg4 17. f3 Qa4 18. Rdg1 g6 19. h4 Rad8 20. h5 Qd7
21. hxg6 fxg6 22. Bc3 Nd5 23. Rxg6+ hxg6 24. Rh8+ Kf7 25. Rh7+ Kg8 26. Rg7+
{Black resigns} 1-0

[Event "Team 45 45 League T68"]
[Site "Internet Chess Club"]
[Date "2016.03.25"]
[Round "3"]
[White "Hal2001"]
[Black "wfjalet500"]
[Result "0-1"]
[WhiteElo "1678"]
[BlackElo "1848"]
[Opening "Sicilian: closed"]
[ECO "B23"]
[Time "09:00:31"]
[TimeControl "2700+45"]

1. e4 c5 2. Nc3 e6 3. f4 d5 4. Nf3 dxe4 5. Nxe4 Nc6 6. Bb5 Bd7 7. d3 Nf6 8. Be3
Nxe4 9. dxe4 Qa5+ 10. Qd2 Qxb5 11. c3 Rd8 12. Qc2 Bc8 13. c4 Nb4 14. Qe2 Nd3+
{White resigns} 0-1

[Event "Team 45 45 League T68"]
[Site "Internet Chess Club"]
[Date "2016.03.28"]
[Round "3"]
[White "Rhel"]
[Black "QuieroAprender"]
[Result "1-0"]
[WhiteElo "1682"]
[BlackElo "1638"]
[Opening "Queen's pawn"]
[ECO "A40"]
[Time "18:21:25"]
[TimeControl "2700+45"]

1. d4 c6 2. c4 e5 3. e3 Bb4+ 4. Nc3 exd4 5. exd4 d5 6. Nf3 Bg4 7. Be2 Bxc3+ 8.
bxc3 Bxf3 9. Bxf3 dxc4 10. Qe2+ Qe7 11. O-O Qxe2 12. Bxe2 b5 13. Re1 Ne7 14. a4
a6 15. axb5 cxb5 16. Ba3 Kd8 17. Bf3 Nec6 18. d5 Na7 19. Be7+ Kc8 20. Rad1 Nd7
21. Bb4 Kb7 22. Re7 Rad8 23. Ba5 Rhe8 24. Bxd8 Rxd8 25. Rxf7 {Black resigns} 1-0

[Event "Team 45 45 League T68"]
[Site "Internet Chess Club"]
[Date "2016.03.29"]
[Round "3"]
[White "az2112"]
[Black "QuieroAprender"]
[Result "1-0"]
[WhiteElo "1588"]
[BlackElo "1619"]
[Opening "Ruy Lopez: Cozio defense"]
[ECO "C60"]
[Time "21:05:03"]
[TimeControl "2700+45"]

1. e4 e5 2. Nf3 Nc6 3. Bb5 Nge7 4. O-O a6 5. Ba4 g6 6. c3 Bg7 7. d4 exd4 8. cxd4
O-O 9. Nc3 b5 10. Bc2 d5 11. e5 f5 12. Bf4 Be6 13. Rc1 Nb4 14. Bb1 Rc8 15. a3
Nbc6 16. b3 Na5 17. a4 c5 18. axb5 axb5 19. Nxb5 c4 20. Nd6 Nxb3 21. Nxc8 Qxc8
22. Rc3 Qa6 23. Bc2 Na5 24. Ra3 Nec6 25. Bd2 Ra8 26. Bxa5 Nxa5 27. Qd2 Bf8 28.
Ra4 Bd7 29. Ra2 Qb6 30. Rb1 Qc7 31. Rba1 c3 32. Qd1 Bb4 33. Qb1 Rb8 34. Qc1 Nc4
35. Ra7 Qc6 36. Ba4 Ba3 {Black resigns} 1-0

[Event "Team 45 45 League T68"]
[Site "Internet Chess Club"]
[Date "2016.03.24"]
[Round "3"]
[White "drsigmund1"]
[Black "ChessMaine"]
[Result "1-0"]
[WhiteElo "1488"]
[BlackElo "1496"]
[Opening "Queen's bishop game"]
[ECO "D02"]
[Time "20:00:36"]
[TimeControl "2700+45"]

1. d4 d5 2. Nf3 Nf6 3. Bf4 Bf5 4. e3 e6 5. Be2 Bd6 6. Ne5 Nbd7 7. Nd2 O-O 8. g4
Bg6 9. h4 h6 10. g5 hxg5 11. hxg5 Nh7 12. Nxg6 fxg6 13. Bxd6 cxd6 14. f4 e5 15.
Bd3 e4 16. Bb5 Nb6 17. Qg4 Nxg5 18. fxg5 Rf5 19. O-O-O a6 20. Be2 Na4 21. Qh3
Kf7 22. Bg4 Qb6 23. Nb3 Qc7 24. Bxf5 gxf5 25. Qxf5+ Kg8 26. Qe6+ {Black resigns}
1-0

[Event "Team 45 45 League T68"]
[Site "Internet Chess Club"]
[Date "2016.03.25"]
[Round "3"]
[White "Kandor"]
[Black "JohLeb"]
[Result "1-0"]
[WhiteElo "1322"]
[BlackElo "1338"]
[Opening "QGD: Marshall defense"]
[ECO "D06"]
[Time "11:51:22"]
[TimeControl "2700+45"]

1. d4 d5 2. c4 Nf6 3. Nc3 c6 4. Bf4 Bg4 5. Nf3 Nbd7 6. e3 Ne4 7. Be2 e6 8. Nxe4
dxe4 9. Nd2 Bxe2 10. Qxe2 Bb4 11. O-O Bxd2 12. Qxd2 Nf6 13. Qb4 Qd7 14. Be5
O-O-O 15. a4 h5 16. Qa5 a6 17. b4 Rh6 18. b5 g5 19. bxa6 bxa6 20. Qxa6+ Qb7 21.
Qa5 Kd7 22. Rab1 Qa8 23. Qc7+ Ke8 24. Rb7 Nd7 25. Rfb1 f6 26. Bd6 Qc8 27. a5
Qxc7 28. Rxc7 Rh7 29. a6 Rf7 30. a7 Ra8 31. Rbb7 Kd8 32. Rb8+ Nxb8 33. Rxf7 Nd7
34. Bb8 Nxb8 35. Rf8+ Kc7 36. axb8=Q+ Rxb8 37. Rxb8 Kxb8 38. f4 Kb7 39. fxg5
fxg5 40. Kf2 Kc7 41. Kg3 Kd6 42. h4 gxh4+ 43. Kxh4 e5 44. dxe5+ Kxe5 45. Kg5 h4
46. Kxh4 Kf5 47. g4+ Kg6 48. Kg3 Kg5 49. c5 {Black resigns} 1-0

[Event "Team 45 45 League T68"]
[Site "Internet Chess Club"]
[Date "2016.03.26"]
[Round "3"]
[White "fireball"]
[Black "RD1974"]
[Result "0-1"]
[WhiteElo "1557"]
[BlackElo "1720"]
[Opening "Scandinavian (center counter) defense"]
[ECO "B01"]
[Time "10:05:24"]
[TimeControl "2700+45"]

1. e4 d5 2. exd5 Qxd5 3. Nf3 Nf6 4. c4 Qd6 5. Be2 Bf5 6. O-O c6 7. Nc3 Nbd7 8.
d4 e6 9. c5 Qc7 10. b4 Be7 11. a4 Ne4 12. Nxe4 Bxe4 13. Ng5 Bg6 14. f4 h6 15.
Nf3 O-O 16. Ne5 Be4 17. Bd3 Bxd3 18. Qxd3 Nf6 19. f5 Nd5 20. Qg3 Bg5 21. fxe6 f6
22. Bxg5 fxe5 23. Bxh6 exd4 24. Qg4 d3 25. Bd2 Rae8 26. Rae1 Qc8 27. Qg6 Nf6 28.
e7 Rf7 29. Bg5 Qg4 30. Rxf6 Rfxe7 31. Qxe8+ Rxe8 32. Rxe8+ Kh7 33. Rd6 Qxg5 34.
Rxd3 Qc1+ 35. Kf2 Qc2+ 36. Ke3 Qxg2 37. Kd4 Qxh2 38. Ree3 Qb2+ 39. Kc4 Qc2+ 40.
Rc3 Qxa4 41. Re7 Qb5+ 42. Kb3 a5 43. Rh3+ Kg8 44. Re4 Qf1 45. Rhe3 Qb1+ 46. Kc3
a4 47. Re1 Qb3+ 48. Kd2 Qb2+ {White forfeits on time} 0-1

[Event "Team 45 45 League T68"]
[Site "Internet Chess Club"]
[Date "2016.03.24"]
[Round "3"]
[White "Bible-Believer"]
[Black "mongmong"]
[Result "1/2-1/2"]
[WhiteElo "1437"]
[BlackElo "1516"]
[Opening "English: Mikenas-Carls, Kevitz variation"]
[ECO "A18"]
[Time "21:01:14"]
[TimeControl "2700+45"]

1. c4 Nf6 2. Nc3 e6 3. e4 Nc6 4. Nf3 e5 5. d4 exd4 6. Nxd4 d6 7. Bg5 Be7 8. Be2
Bd7 9. O-O O-O 10. f4 h6 11. Bxf6 Bxf6 12. Nxc6 Bxc6 13. e5 dxe5 14. Bf3 Bxf3
15. Qxf3 exf4 16. Rad1 Qe7 17. Nd5 Qc5+ 18. Kh1 Bd8 19. Qxf4 c6 20. b4 Bg5 21.
bxc5 Bxf4 22. Nxf4 Rfe8 23. Rfe1 Kf8 24. Kg1 Rxe1+ 25. Rxe1 Rd8 26. Kf2 Rd4 27.
Ke3 Rxc4 28. Rb1 Rxc5 29. Rxb7 Ra5 30. Rc7 Rxa2 31. Rxc6 g5 32. Rc8+ Kg7 33. Ne2
a5 34. Ra8 f5 35. Ra7+ Kg6 36. Ra6+ Kh5 37. g4+ Kxg4 38. Rxh6 f4+ 39. Kf2 a4 40.
h3+ Kf5 41. Kf3 Ra3+ 42. Kf2 Ra2 43. Kf3 Ra3+ 44. Kf2 Ra2 {Game drawn by
repetition} 1/2-1/2

[Event "Team 45 45 League T68"]
[Site "Internet Chess Club"]
[Date "2016.03.26"]
[Round "3"]
[White "Gilguli"]
[Black "chesskix"]
[Result "1-0"]
[WhiteElo "1518"]
[BlackElo "1540"]
[Opening "Dutch with c4 & Nc3"]
[ECO "A85"]
[Time "14:02:08"]
[TimeControl "2700+45"]

1. d4 f5 2. c4 Nf6 3. Nc3 e6 4. Bg5 Be7 5. Nf3 O-O 6. h3 d6 7. e3 Nbd7 8. Bd3 b6
9. Qc2 Bb7 10. O-O-O Rb8 11. Ne2 Ne4 12. Bxe7 Qxe7 13. Rdf1 Qf6 14. Rh2 a5 15.
Ne1 Qh6 16. Nf4 Rbe8 17. f3 Ng3 18. Rg1 Nh5 19. g3 Ndf6 20. Qf2 c5 21. Nxh5 Nxh5
22. g4 Nf4 23. exf4 Qxf4+ 24. Qd2 Qxd4 25. Qf2 f4 26. Qxd4 cxd4 27. Be4 d5 28.
cxd5 Rc8+ 29. Rc2 Rxc2+ 30. Nxc2 d3 31. Bxd3 Bxd5 32. Nd4 e5 33. Nf5 Bxf3 34.
Bc4+ Kh8 35. Re1 g6 36. Nh6 e4 37. Bd5 Kg7 38. g5 Rc8+ 39. Kb1 Re8 40. Ng4 Bxg4
41. hxg4 e3 42. Bf3 Kf7 43. Re2 Ke7 44. Kc2 Rd8 45. a3 Ke6 46. Kc1 Ke5 47. Rc2
Kd4 48. b3 Kd3 49. Be2+ Ke4 50. Rc4+ Ke5 51. Bf3 Rd2 52. Re4+ {Black resigns}
1-0

[Event "Team 45 45 League T68"]
[Site "Internet Chess Club"]
[Date "2016.03.28"]
[Round "3"]
[White "kingsrook"]
[Black "Toalla"]
[Result "1/2-1/2"]
[WhiteElo "1325"]
[BlackElo "1255"]
[Opening "Grünfeld: exchange variation"]
[ECO "D85"]
[Time "17:00:49"]
[TimeControl "2700+45"]

1. d4 Nf6 2. c4 g6 3. Nc3 d5 4. cxd5 Nxd5 5. e4 Nxc3 6. bxc3 Bg7 7. Qa4+ Nd7 8.
Nf3 O-O 9. Bg5 c6 10. Rc1 Nf6 11. Bd3 b5 12. Qa3 Qd6 13. Qxd6 exd6 14. O-O h6
15. Bf4 Ne8 16. h3 f6 17. Rfe1 g5 18. Bh2 Bb7 19. a3 a5 20. e5 fxe5 21. dxe5
dxe5 22. Nxe5 Bxe5 23. Bxe5 Nf6 24. Bd4 Rae8 25. Bg6 Rxe1+ 26. Rxe1 Kg7 27. Bd3
Kf7 28. Kf1 Re8 29. Bg6+ Kxg6 30. f3 Rxe1+ 31. Kxe1 Nd7 32. Ke2 c5 33. Be3 b4
34. axb4 cxb4 35. cxb4 axb4 36. Kd3 Ne5+ 37. Kc2 Kf5 38. Kb3 Nd3 39. Bd2 Bd5+
40. Kc2 Ne5 41. Bxb4 Nxf3 42. gxf3 Bxf3 43. Be1 h5 44. Bg3 h4 45. Bh2 Bg2 46.
Kd2 Bxh3 47. Ke2 Bg2 48. Kf2 h3 49. Kg3 g4 50. Bg1 Bf1 51. Bf2 Bg2 52. Bg1 Bf3
53. Bf2 Bg2 54. Bg1 Kg5 55. Bf2 Bf1 56. Bg1 Kf5 57. Bf2 Bg2 58. Bg1 Kg5 59. Bf2
Bf1 60. Bg1 Bd3 61. Bf2 Kh5 62. Bg1 Be4 63. Bf2 Bf3 64. Bg1 Bg2 65. Bf2 Bf1 66.
Bg1 Bc4 67. Bf2 Bd5 68. Bg1 Bh1 69. Bf2 {Game drawn by mutual agreement} 1/2-1/2

[Event "Team 45 45 League T68"]
[Site "Internet Chess Club"]
[Date "2016.03.24"]
[Round "3"]
[White "krysto"]
[Black "Mitochondria"]
[Result "0-1"]
[WhiteElo "1605"]
[BlackElo "1537"]
[Opening "King's Indian: orthodox, Aronin-Taimanov, bayonet attack"]
[ECO "E97"]
[Time "20:11:32"]
[TimeControl "2700+45"]

1. d4 Nf6 2. c4 g6 3. Nc3 Bg7 4. e4 d6 5. Nf3 O-O 6. Be2 e5 7. O-O Nc6 8. d5 Ne7
9. b4 Nd7 10. Ne1 f5 11. f3 f4 12. Nd3 g5 13. Qb3 Nf6 14. c5 Rf7 15. a4 h5 16.
Ba3 Bf8 17. b5 g4 18. a5 Rg7 19. cxd6 cxd6 20. Nxe5 gxf3 21. Bxf3 Ng4 22. Bxg4
Bxg4 23. Nf3 Ng6 24. e5 Bxf3 25. Rxf3 Qg5 26. Ne4 Qxe5 27. Bb2 Qxe4 28. Bxg7
Bxg7 29. Raf1 Bd4+ 30. Kh1 Nh4 {White resigns} 0-1

[Event "Team 45 45 League T68"]
[Site "Internet Chess Club"]
[Date "2016.03.26"]
[Round "3"]
[White "guyd52"]
[Black "Berke"]
[Result "1/2-1/2"]
[WhiteElo "1355"]
[BlackElo "1543"]
[Opening "Réti: King's Indian attack (Barcza system)"]
[ECO "A07"]
[Time "07:00:13"]
[TimeControl "2700+45"]

1. Nf3 d5 2. g3 Nf6 3. Bg2 c5 4. d3 Nc6 5. Bf4 e6 6. Nbd2 Be7 7. O-O O-O 8. e4
dxe4 9. Nxe4 Nxe4 10. dxe4 Qb6 11. b3 Rd8 12. Qc1 Bd7 13. Be3 Bf6 14. c3 Qa5 15.
Bd2 Qc7 16. Be3 b6 17. Bg5 Bxg5 18. Qxg5 h6 19. Qe3 e5 20. Rfd1 Be6 {Game drawn
by mutual agreement} 1/2-1/2

[Event "Team 45 45 League T68"]
[Site "Internet Chess Club"]
[Date "2016.03.27"]
[Round "3"]
[White "QuimCatala"]
[Black "stasis009"]
[Result "1/2-1/2"]
[WhiteElo "1374"]
[BlackElo "1303"]
[Opening "Ruy Lopez: closed, Kholmov variation"]
[ECO "C92"]
[Time "18:00:25"]
[TimeControl "2700+45"]

1. e4 e5 2. Nf3 Nc6 3. Bb5 a6 4. Ba4 Nf6 5. O-O Be7 6. Re1 O-O 7. c3 b5 8. Bb3
d6 9. h3 Be6 10. Bc2 d5 11. d4 exd4 12. cxd4 dxe4 13. Bxe4 Nxe4 14. Rxe4 Bd5 15.
Rg4 f5 16. Rg3 Bd6 17. Rg5 h6 18. Rg6 Bf7 19. Rxd6 Qxd6 20. Qd3 Bg6 21. Nh4 Rae8
22. Bd2 Nxd4 23. Nxg6 Ne2+ 24. Qxe2 Rxe2 25. Nxf8 Kxf8 26. a3 Qd4 27. Be3 Qxb2
28. Kf1 Rxe3 29. fxe3 Qxa1 30. Ke2 Qxb1 31. g3 c5 32. Kd2 Qb2+ 33. Kd3 Qxa3+ 34.
Kd2 b4 35. h4 b3 36. h5 b2 37. Kc2 Qa1 38. g4 b1=Q+ 39. Kd2 Qe4 40. gxf5 Qxf5
41. e4 Qxe4 {White stalemated} 1/2-1/2

[Event "Team 45 45 League T68"]
[Site "Internet Chess Club"]
[Date "2016.03.26"]
[Round "3"]
[White "cayo89"]
[Black "modiglani"]
[Result "0-1"]
[WhiteElo "1653"]
[BlackElo "1871"]
[Opening "Scandinavian defense"]
[ECO "B01"]
[Time "10:01:49"]
[TimeControl "2700+45"]

1. e4 d5 2. exd5 Nf6 3. Nf3 Bg4 4. Be2 Qxd5 5. Nc3 Qf5 6. O-O Nc6 7. a3 O-O-O 8.
d3 e5 9. Bd2 h5 10. Ng5 Qg6 11. h3 Bxe2 12. Qxe2 Bd6 13. Nce4 Nd4 14. Nxd6+ cxd6
15. Qd1 Nd5 16. c3 Ne6 17. Qf3 Nef4 18. Bxf4 Nxf4 19. h4 f6 20. Ne4 d5 21. Ng3
Qxd3 22. Qxd3 Nxd3 23. Nf5 Rd7 24. Rab1 g6 25. Ne3 Rhd8 26. Rfd1 Nf4 27. g3 Ne6
28. Kf1 f5 29. c4 d4 30. Nd5 Nc5 31. b4 Ne4 32. Rd3 Kb8 33. f4 exf4 34. gxf4 b5
35. Rxd4 bxc4 36. Rxe4 fxe4 37. Nf6 Rd4 38. Re1 c3 {White resigns} 0-1

[Event "Team 45 45 League T68"]
[Site "Internet Chess Club"]
[Date "2016.03.26"]
[Round "3"]
[White "julesraider"]
[Black "elessar"]
[Result "1-0"]
[WhiteElo "1620"]
[BlackElo "1650"]
[Opening "QGD Slav: Steiner variation"]
[ECO "D16"]
[Time "12:30:26"]
[TimeControl "2700+45"]

1. d4 d5 2. c4 c6 3. Nf3 Nf6 4. Nc3 dxc4 5. a4 Bg4 6. e3 e5 7. Bxc4 Bxf3 8. Qxf3
exd4 9. exd4 Bb4 10. O-O O-O 11. Be3 Nbd7 12. Ne4 Nxe4 13. Qxe4 Nf6 14. Qf5 Qd7
15. Qd3 Qg4 16. Qb3 Bd6 17. h3 Qh4 18. d5 Qe4 19. dxc6 Qe5 20. f4 Qe7 21. cxb7
Rab8 22. Ba6 Bc5 23. Rae1 Bxe3+ 24. Qxe3 Qd6 25. Qxa7 Qb4 26. Rc1 Nd5 27. Rc4
Qb6+ 28. Qxb6 Nxb6 29. Rc6 Nd5 30. Rc8 Nb4 31. Rxf8+ Kxf8 32. Bb5 Rxb7 33. Re1
g6 34. Re8+ Kg7 35. Kf2 Nd5 36. Bc6 Rxb2+ 37. Kf3 Nf6 38. Re3 Ra2 39. g4 Rc2 40.
Bb7 Nd7 41. Ra3 Nc5 42. Bd5 Rh2 43. Kg3 Rd2 44. Bg2 Rd7 45. Bc6 Ra7 46. Kf3 Ra6
47. Bb5 Ra7 48. Ke3 Ne6 49. a5 Nc7 50. Bc4 Ne6 51. a6 Kf6 52. Ra5 Nc7 53. h4 h6
54. Ke4 Kg7 55. Ke5 f6+ 56. Kd6 Ne8+ 57. Ke6 Nc7+ 58. Kd6 Ne8+ 59. Kd5 Nc7+ 60.
Kc6 Na8 61. Kb5 g5 62. hxg5 hxg5 63. f5 Kf8 64. Kc5 Ke7 65. Ra3 Rc7+ 66. Kb5 Ra7
67. Re3+ Kf8 68. Ka5 Rc7 69. Kb5 Ra7 70. Ra3 Ke7 71. Rh3 Kd6 72. Rh8 Ke5 73. Rf8
Kf4 74. Rxf6 Kxg4 75. Rf8 Kf4 76. f6 g4 77. f7 Nc7+ 78. Kb6 Rxa6+ 79. Bxa6 Ne6
80. Rg8 g3 81. Bc4 Kf3 82. Bxe6 g2 83. f8=Q+ Ke2 84. Rxg2+ {Black resigns} 1-0